AoeStats
← Fooxyyyy1065

Arena

507990106Analyzed
1v1 RM · 13d ago on Sep 20, 2026· 32m 4s· 2 players
Game mode
Random Map
Map size
Tiny (2 player)
Population
200
Speed
Normal
Resources
Standard
Victory
Conquest
Starting age
Dark Age
Ending age
Imperial Age
RankedLock teamsTeams togetherTeam positionsShared explorationLock speedFull tech treeHidden civsTurbo modeCheats
Victory
Defeat
🇰🇬 Bengalis · Kyrgyzstan
1005
+16
🇧🇬 Bulgarians · Bulgaria
1000
-48
Fooxyyyy1065
0:46 Loom
15:43 Feudal Age
16:18 Horse Collar
16:41 Gold Mining
18:23 Wheelbarrow
18:12 Town Watch
23:27 Forging
23:18 Scale Mail Armor
23:23 Scale Barding Armor
23:09 Fletching
23:20 Padded Archer Armor
23:11 Double-Bit Axe
28:42 Castle Age
26:54 Arson
29:53 Husbandry
30:03 Bloodlines
30:36 Hand Cart
Alper
0:27 Loom
11:59 Feudal Age
16:36 Castle Age
15:00 Double-Bit Axe
16:04 Horse Collar
17:45 Wheelbarrow
21:59 Gold Mining
22:17 Town Watch
22:29 Stone Mining
24:02 Fletching
30:06 Imperial Age
29:57 Padded Archer Armor
30:08 Forging
29:58 Scale Mail Armor
30:03 Scale Barding Armor
29:54 Bodkin Arrow
Connection lost

Rejoining the realm…

Still unreachable

The connection could not be restored.

Session expired

The server has moved on; the page needs a fresh start.